AoeStats
← Friedrice4eva

Arena

509506157Analyzed
4v4 RM · 5d ago on Sep 27, 2026· 62m 43s· 8 players
Game mode
Random Map
Map size
Large (8 player)
Population
200
Speed
Normal
Resources
Standard
Victory
Conquest
Starting age
Dark Age
Ending age
Imperial Age
RankedLock teamsTeams togetherTeam positionsShared explorationLock speedFull tech treeHidden civsTurbo modeCheats
Victory
Defeat
🇦🇺 Spanish · Australia
917
+23
🇦🇺 Hindustanis · Australia
916
+10
🇦🇺 Italians · Australia
889
+11
🇦🇺 Danes · Australia
860
+12
🇺🇸 Bohemians · United States
827
-12
🇧🇴 Khmer · Bolivia
818
-12
🇦🇷 Vikings · Argentina
763
-10
🇧🇴 Franks · Bolivia
737
-9
AEC008
0:31 Loom
10:49 Feudal Age
12:05 Wheelbarrow
11:16 Double-Bit Axe
19:37 Castle Age
17:53 Horse Collar
21:10 Bow Saw
23:10 Heavy Plow
28:27 Caravan
33:13 Imperial Age
32:02 Chemistry
33:18 Houfnice
33:33 Cavalier
34:26 Forging
35:05 Scale Barding Armor
35:33 Husbandry
35:54 Guilds
38:01 Houfnice
40:23 Iron Casting
40:13 Chain Barding Armor
40:55 Light Cavalry
41:57 Pikeman
42:37 Halberdier
NILSENplay
10:24 Feudal Age
10:52 Double-Bit Axe
13:59 Wheelbarrow
18:22 Castle Age
21:00 Gold Mining
21:04 Stone Mining
22:26 Wheelbarrow
23:33 Hand Cart
25:34 Bow Saw
27:19 Gold Shaft Mining
26:52 Loom
27:01 Loom
31:13 Imperial Age
28:32 Town Watch
29:10 Fortified Wall
30:19 Town Patrol
31:33 Caravan
32:03 Coinage
31:33 Caravan
32:04 Coinage
32:31 Scale Barding Armor
32:37 Forging
32:06 Cavalier
32:51 Light Cavalry
33:35 Husbandry
35:11 Chemistry
34:32 Ballistics
37:50 Scale Mail Armor
37:42 Fletching
37:52 Padded Archer Armor
38:51 Pikeman
39:31 Squires
38:54 Paladin
41:01 Chain Barding Armor
41:16 Iron Casting
40:57 Chain Mail Armor
42:35 Banking
43:30 Conscription
46:47 Plate Barding Armor
47:12 Blast Furnace
46:42 Plate Mail Armor
46:47 Plate Barding Armor
47:16 Halberdier
56:53 Padded Archer Armor
58:45 Man-at-Arms
59:12 Gambesons
60:06 Bodkin Arrow
Lucas Weimann
12:26 Feudal Age
17:02 Castle Age
15:44 Double-Bit Axe
15:40 Horse Collar
15:53 Stone Mining
18:39 Bow Saw
18:31 Heavy Plow
22:46 Loom
24:00 Gold Mining
27:49 Man-at-Arms
29:24 Gold Shaft Mining
31:14 Fortified Wall
33:38 Imperial Age
30:54 Town Watch
31:47 Town Patrol
31:58 Forging
31:49 Scale Mail Armor
31:11 Long Swordsman
31:52 Squires
32:08 Arson
31:44 Pikeman
33:52 Iron Casting
34:19 Chain Mail Armor
34:25 Chieftains
34:29 Two-Handed Swordsman
35:55 Ballistics
36:35 Chemistry
35:17 Treadmill Crane
35:48 Masonry
35:47 Champion
38:08 Hoardings
39:51 Hoardings
41:10 Two-Man Saw
41:11 Blast Furnace
42:02 Plate Mail Armor
42:00 Elite Skirmisher
46:13 Onager
51:55 Architecture
51:21 Murder Holes
51:32 Siege Engineers
55:36 Padded Archer Armor
55:27 Fletching
ntnVARITO
10:00 Feudal Age
11:27 Double-Bit Axe
20:54 Castle Age
20:34 Fletching
20:54 Forging
21:33 Elite Skirmisher
23:19 Bodkin Arrow
27:35 Bow Saw
29:27 Wheelbarrow
33:34 Imperial Age
31:29 Horse Collar
34:02 Iron Casting
32:51 Light Cavalry
33:54 Bloodlines
35:55 Blast Furnace
34:41 Hussar
38:21 Scale Barding Armor
39:24 Chain Barding Armor
41:01 Plate Barding Armor
40:27 Scale Mail Armor
40:27 Padded Archer Armor
40:31 Husbandry
40:53 Bracer
45:57 Chain Mail Armor
45:58 Leather Archer Armor
47:19 Pikeman
47:46 Arson
51:43 Halberdier
Peasantz
7:56 Loom
10:50 Feudal Age
9:09 Loom
14:55 Castle Age
12:57 Double-Bit Axe
12:55 Horse Collar
17:21 Town Watch
18:12 Wheelbarrow
20:53 Fletching
23:48 Crossbowman
25:08 Bow Saw
25:37 Ballistics
28:55 Imperial Age
27:07 Padded Archer Armor
27:54 Hand Cart
28:14 Stone Mining
28:53 Thumb Ring
31:48 Chemistry
31:17 Onager
32:01 Arbalester
33:30 Bloodlines
33:20 Husbandry
34:30 Light Cavalry
36:38 Two-Man Saw
35:42 Heavy Plow
35:35 Gold Mining
35:17 Hussar
39:20 Bodkin Arrow
39:40 Leather Archer Armor
39:32 Scale Barding Armor
39:37 Forging
41:19 Bracer
52:55 Forging
53:06 Chain Barding Armor
53:17 Ring Archer Armor
52:18 Elite Genoese Crossbowman
55:36 Iron Casting
55:36 Plate Barding Armor
ShadowVY
10:14 Feudal Age
14:50 Castle Age
12:48 Horse Collar
13:42 Double-Bit Axe
17:39 Heavy Plow
22:04 Bow Saw
22:49 Gold Mining
24:15 Stone Mining
26:45 Squires
27:22 Forging
27:14 Scale Mail Armor
27:55 Wheelbarrow
31:07 Imperial Age
31:00 Hand Cart
32:01 Onager
33:30 Siege Onager
35:16 Northmen's Fury
39:41 Iron Casting
42:18 Elite Varangian Guard
45:40 Arson
45:16 Pikeman
47:07 Halberdier
48:10 Conscription
50:38 Blast Furnace
49:53 Chain Mail Armor
51:30 Gold Shaft Mining
51:31 Stone Shaft Mining
50:27 Hamask
57:35 Ballistics
59:36 Elite Jomsviking
TornadoTittyTwister
10:19 Feudal Age
15:31 Castle Age
14:55 Double-Bit Axe
14:51 Horse Collar
17:22 Bow Saw
17:13 Loom
21:15 Wheelbarrow
24:02 Gold Mining
24:02 Stone Mining
24:16 Heavy Plow
24:51 Forging
24:47 Husbandry
25:55 Bloodlines
26:36 Scale Barding Armor
27:06 Iron Casting
27:05 Hand Cart
28:07 Chain Barding Armor
32:58 Imperial Age
33:07 Grand Trunk Road
33:50 Caravan
33:13 Heavy Camel Rider
34:43 Gold Shaft Mining
33:42 Siege Elephant
35:55 Conscription
38:42 Imperial Camel Rider
41:11 Plate Barding Armor
41:36 Blast Furnace
Friedrice4eva
12:54 Feudal Age
13:33 Double-Bit Axe
13:31 Horse Collar
20:40 Castle Age
23:01 Town Watch
23:52 Wheelbarrow
23:29 Scale Mail Armor
23:40 Forging
23:36 Scale Barding Armor
26:16 Bow Saw
28:40 Hand Cart
28:37 Heavy Plow
33:58 Imperial Age
32:16 Murder Holes
32:42 Ballistics
33:02 Caravan
38:14 Chemistry
37:19 Town Patrol
46:19 Elite Skirmisher
46:19 Heavy Mounted Crossbowman
49:17 Arrowslits
49:35 Padded Archer Armor
49:26 Fletching
Connection lost

Rejoining the realm…

Still unreachable

The connection could not be restored.

Session expired

The server has moved on; the page needs a fresh start.